 Dungeon Crawl Stone Soup version 0.30-a0-39-g42789b21ef (webtiles) character file.

Game seed: 10300545588106252583

170 ytrimaz the Sneak (level 5, -4/49 HPs)
             Began as an Octopode Transmuter on Aug 29, 2022.
             Slain by a gnoll
             ... wielding a +0 spear
             ... led by a gnoll bouda
              (6 damage)
             ... on level 4 of the Dungeon.
             The game lasted 00:03:48 (2588 turns).

ytrimaz the Sneak (Octopode Transmuter)             Turns: 2588, Time: 00:03:48

Health: -4/49      AC: 22    Str: 10    XL:     5   Next: 51%
Magic:  8/8        EV:  2    Int: 17    God:
Gold:   187        SH:  0    Dex: 12    Spells: 2/8 levels left

rFire   . . .      SeeInvis .      - Unarmed
rCold   . . .      Faith    .    (no shield)
rNeg    . . .      Spirit   .    (helmet currently unavailable)
rPois   +          Reflect  .    (no amulet)
rElec   .          Harm     .    (no ring)
rCorr   .          Rampage  .    (no ring)
Will    .....      NoTele   +    (no ring)
Stlth   +++.......               (no ring)
HPRegen 0.16/turn                (no ring)
MPRegen 0.11/turn                (no ring)
                                 (no ring)
                                 (no ring)

@: mighty, brilliant, tree-form (expiring)
A: stationary, stasis, torment immunity, boosted hp, almost no armour,
(amphibious), 8 rings, (camouflage 1), (gelatinous body 1), (nimble swimmer 1),
(tentacles)
a: no special abilities


You were on level 4 of the Dungeon.
You were a tree.
You visited 1 branch of the dungeon, and saw 4 of its levels.

You collected 187 gold pieces.

Inventory:

Scrolls
 b - a scroll of brand weapon
 c - 2 scrolls of enchant armour
 g - 2 scrolls of teleportation


   Skills:
 - Level 1.0 Fighting
 - Level 2.0 Dodging
 + Level 4.9 Stealth
 - Level 3.0 Unarmed Combat
 - Level 2.0 Spellcasting
 + Level 2.8 Transmutations
 * Level 3.4 Poison Magic


You had 2 spell levels left.
You knew the following spells:

 Your Spells              Type           Power      Damage    Failure   Level
a - Beastly Appendage     Tmut           34%        N/A       6%          1
b - Wereblood             Tmut           17%        N/A       9%          2
c - Spider Form           Tmut/Pois      18%        N/A       16%         3

Your spell library contained the following spells:

 Spells                   Type           Power      Damage    Failure   Level
 Ensorcelled Hibernation  Hex/Ice        4%         N/A       28%         2
 Ice Form                 Ice/Tmut       9%         N/A       71%         4
 Anguish                  Hex/Necr       1%         N/A       88%         4


Dungeon Overview and Level Annotations

Branches:
Dungeon (4/15)
 Temple: D:4-7

Altars:
Elyvilon
Hepliaklqana
Nemelex Xobeh
Sif Muna
Trog
Zin
The Shining One

Shops:
D:2 ?


Innate Abilities, Weirdness & Mutations

You are a tree.
Your roots penetrate the ground, keeping you stationary.
You cannot be teleported.
You are immune to unholy pain and torment.
Your maximum health is greatly increased.
You cannot wear most types of armour.
((You are amphibious.))
You can wear up to eight rings at the same time.
((Your skin changes colour to match your surroundings (Stealth+).))
((Your rubbery body absorbs attacks. (AC +1, EV +1)))
((You are camouflaged when in or above water. (Stealth+)))
((You have tentacles for arms and can constrict up to eight enemies at once.))


Message History

The gnoll hits you from afar with a +0 spear.
The gnoll hits you but does no damage.
The gnoll hits you but does no damage. x3
The gnoll hits you but does no damage. x3
The gnoll hits you but does no damage.
The gnoll hits you from afar with a +0 spear.
The gnoll hits you but does no damage. The gnoll hits you but does no damage.
The gnoll completely misses you. The gnoll hits you but does no damage.
The gnoll hits you but does no damage. x3
The gnoll hits you but does no damage. x3
The gnoll hits you from afar with a +0 spear.
A hound comes into view.
The gnoll hits you but does no damage.
The gnoll hits you from afar with a +0 spear.
* * * LOW HITPOINT WARNING * * *
The gnoll hits you from afar with a +0 spear.
* * * LOW HITPOINT WARNING * * *
The gnoll barely misses you. The gnoll hits you but does no damage.
Unknown command.
The gnoll hits you but does no damage. x2
The gnoll hits you from afar with a +0 spear.
* * * LOW HITPOINT WARNING * * *
The gnoll hits you but does no damage. x3
The gnoll hits you from afar with a +0 spear.
* * * LOW HITPOINT WARNING * * *
The gnoll hits you from afar with a +0 spear.
* * * LOW HITPOINT WARNING * * *
The gnoll hits you but does no damage. The gnoll hits you but does no damage.
The gnoll hits you from afar with a +0 spear.
* * * LOW HITPOINT WARNING * * *
The gnoll hits you from afar with a +0 spear.
* * * LOW HITPOINT WARNING * * *
Unknown command.
Your transformation is almost over.
The gnoll hits you but does no damage. The gnoll barely misses you.
The gnoll hits you but does no damage.
The gnoll hits you from afar with a +0 spear.
You die...

#### #..# # ##.. ..
##... ... .######...#
... ........#.# .. .
........#.#######.#....
............g)♣)gr.....
........#.######gh#....
..g.....#.# ...... .
........#.# .........
.########.# #.........
###.###........[.
#................
#.....#^..>..g.?.
#...<<# ...


You could see 3 gnolls, a quokka and a jackal.

Vanquished Creatures
  A gnoll bouda (D:4)
  5 adders
  4 gnolls (D:4)
  A dart slug (D:3)
  6 endoplasms
  A giant cockroach (D:1)
  3 goblins
  8 hobgoblins
  3 jackals (D:3)
  3 quokkas
  6 ball pythons
  A bat (D:3)
  2 frilled lizards (D:1)
  9 kobolds
  4 rats
57 creatures vanquished.

Notes
Turn   | Place    | Note
-------+----------+-------------------------------------------
     0 | D:1      | ytrimaz the Octopode Transmuter began the quest for the
                  | Orb.
     0 | D:1      | Reached XP level 1. HP: 13/13 MP: 3/3
    48 | D:1      | Reached skill level 1 in Stealth
   290 | D:1      | Reached skill level 2 in Stealth
   336 | D:1      | Reached XP level 2. HP: 18/18 MP: 3/5
   454 | D:1      | Reached skill level 3 in Stealth
   738 | D:1      | Reached XP level 3. HP: 23/23 MP: 4/6
   741 | D:1      | Learned a level 2 spell: Wereblood
   745 | D:1      | Learned a level 3 spell: Spider Form
   960 | D:2      | Reached skill level 4 in Stealth
   960 | D:2      | Reached skill level 1 in Poison Magic
  1104 | D:2      | Reached XP level 4. HP: 8/28 MP: 7/7
  1343 | D:2      | Found Esalap's Magic Scroll Shop.
  1596 | D:2      | Found a faded altar of an unknown god.
  1704 | D:3      | Found a hazy altar of Hepliaklqana.
  1712 | D:3      | Found a shimmering blue altar of Sif Muna.
  2085 | D:3      | Found a white marble altar of Elyvilon.
  2264 | D:3      | Found a glowing silver altar of Zin.
  2351 | D:3      | Found a bloodstained altar of Trog.
  2357 | D:3      | Found a glowing golden altar of the Shining One.
  2362 | D:3      | Found a sparkling altar of Nemelex Xobeh.
  2562 | D:4      | Reached XP level 5. HP: 33/33 MP: 8/8
  2586 | D:4      | HP: 1/49 [gnoll/+0 spear[a gnoll bouda] (3)]
  2588 | D:4      | Slain by a gnoll

Illustrated notes

Levels and vault maps discovered:
D:1:      scummos_arrival_simple_crosswalls, layout_loops_ring
D:2:      layout_basic, serial_shops, nicolae_shop_behind_doors,
          chequers_ecumenical_altar_twisty, minmay_misc_feat_columns
D:3:      layout_loops_ring, nicolae_elyvilon_peaceful_grove,
          nicolae_overflow_hidden_temple, mainiacjoe_overflow_catwalk_spiral,
          minmay_overflow_temple_star_quad, hangedman_decor_points,
          nicolae_underground_beach
D:4:      layout_rooms, serial_shops, nicolae_shop_overgrown_old_shop,
          goddamned_bats

Skill      XL: |  1  2  3  4  5 |
---------------+----------------+-----
Stealth        | 2 3 4 |  4.9
Poison Magic   | 1 2 3 |  3.4
Fighting       | |  1.0
Dodging        | |  2.0
Unarmed Combat | |  3.0
Spellcasting   | |  2.0
Transmutations | |  2.8

Action                   |  1- 3 |  4- 6 || total
-------------------------+-------+-------++-------
Melee: Unarmed           |    39 |    64 ||   103
       Constrict         |    14 |    13 ||    27
       Kick              |    12 |     8 ||    20
       Tentacles         |    10 |    10 ||    20
       Punch             |     2 |     2 ||     4
 Cast: Beastly Appendage |    19 |    11 ||    30
       Spider Form       |       |     1 ||     1
  Use: Scroll            |       |     7 ||     7
       Potion            |       |     5 ||     5
 Stab: Sleeping          |     7 |     3 ||    10
Armor: Skin              |     1 |    65 ||    66
Dodge: Dodged            |    18 |    46 ||    64

Table legend: (Time is in decaauts)
 A = Elapsed time spent in this place.
 B = Non-inter-level travel time spent in this place.
 C = Inter-level travel time spent in this place.
 D = Time resting spent in this place.
 E = Time spent auto-exploring this place.
 F = Levels seen in this place.
 G = Mean time per level.
                   A        B        C        D        E       F      G
               +--------+--------+--------+--------+--------+-----+--------+
         Total |   2581 |   2520 |     61 |    190 |   1850 |   4 |  645.2 |
       Dungeon |   2581 |   2520 |     61 |    190 |   1850 |   4 |  645.2 |
               +--------+--------+--------+--------+--------+-----+--------+

Top non-repeatable levels by time:
     D:1: 908 daAuts
     D:3: 815 daAuts
     D:2: 792 daAuts
     D:4: 64 daAuts
